 Dungeon Crawl Stone Soup version 0.23.2-30-g0e89c35649 (webtiles) character file.

Game seed: 16238707184948175515

868 senseless the Covered (level 8, -4/69 HPs)
             Began as a Hill Orc Fighter on June 11, 2019.
             Was a Follower of Okawaru.
             Slain by a sky beast (6 damage)
             ... on level 5 of the Dungeon.
             The game lasted 00:19:15 (4297 turns).

senseless the Covered (Hill Orc Fighter)            Turns: 4297, Time: 00:19:16

Health: -4/69      AC:  8    Str: 20 (23) XL:     8   Next: 3%
Magic:  7/8        EV:  2    Int:  6 (8)  God:    Okawaru [*.....]
Gold:   338        SH:  0    Dex: -2 (11) Spells: 7/7 levels left

rFire    . . .     SeeInvis .   t - +2 mace (protect)
rCold    . . .     Gourm    .   c - +0 shield
rNeg     . . .     Faith    .   b - +0 scale mail
rPois    .         Spirit   .   (no helmet)
rElec    .         Reflect  .   (no cloak)
rCorr    .         Harm     .   (no gloves)
MR       .....                  l - +0 pair of boots
Stlth    ..........             (no amulet)
HPRegen  0.21/turn              k - +3 ring of strength
MPRegen  0.11/turn              r - ring of flight

@: slowed, lost dexterity, very slow
A: no striking features
a: Heroism, Renounce Religion, Evoke Flight


You were on level 5 of the Dungeon.
You worshipped Okawaru.
Okawaru was aware of your devotion.
You were not hungry.

You visited 1 branch of the dungeon, and saw 5 of its levels.

You collected 338 gold pieces.

Inventory:

Hand Weapons
 t - a +2 mace of protection (weapon)
Armour
 b - a +0 scale mail (worn)
 c - a +0 shield (worn)
 l - a +0 pair of boots (worn)
Jewellery
 k - a +3 ring of strength (left hand)
 p - an uncursed ring of protection from cold
 r - a ring of flight (right hand)
Wands
 v - a wand of iceblast (10)
Scrolls
 e - 5 scrolls of remove curse
Potions
 d - 5 potions of might
 g - a potion of invisibility
 h - a potion of cancellation
 m - 3 potions of brilliance
 q - a potion of flight {unknown}
 u - a potion of ambrosia {unknown}
Comestibles
 f - 3 rations


   Skills:
 + Level 5.4 Fighting
 + Level 5.3 Maces & Flails
 + Level 5.8 Armour
 + Level 2.0 Dodging
 + Level 0.2 Stealth
 + Level 5.6 Shields


You had 7 spell levels left.
You didn't know any spells.
Your spell library was empty.

Dungeon Overview and Level Annotations

Branches:
Dungeon (5/15)
 Temple: D:4-7

Altars:
Okawaru
Sif Muna

Annotations:
D:5 Sassenached's ghost, amateur DrFE


Message History

Deactivating autopickup; reactivate with Ctrl-A.
Something hits you. Something shocks you.
* * * LOW HITPOINT WARNING * * *
You completely miss something. Something hits you.
* * * LOW HITPOINT WARNING * * *
Something shocks you.
* * * LOW HITPOINT WARNING * * *
Unknown command.
You closely miss something. Something hits you.
* * * LOW HITPOINT WARNING * * *
Something shocks you.
* * * LOW HITPOINT WARNING * * *
Something hits you but does no damage.
Unknown command.
You miss something.
Something hits you but does no damage. x2
You closely miss something. Something hits you but does no damage.
Something hits you.
* * * LOW HITPOINT WARNING * * *
Something shocks you.
You die...

#..........
###..........
#............
##............
##.....[#....#. ##
##..[...#.....#.
###.##.......##......
##...#........##......
#....@.........##.....
#....{##...............
#..##. #.......##......
## .. ###.....##...#..
... ##...#####.##..
.... #..####.##.###.
#.#.. #.[#≈.†<....#.)
###.. ##...........##.
#...........##..


There were no monsters in sight!

Vanquished Creatures
  A sky beast (D:5)
  A centaur (D:3)
  A crimson imp (D:5)
  A centaur zombie (D:5)
  2 quasits (D:5)
  2 hounds
  An orc priest (D:4)
  Ijyb (D:4)
  2 centaur skeletons
  2 iguanas
  5 orc wizards
  A worker ant (D:5)
  5 adders
  A shadow imp (D:4)
  An ooze (D:5)
  An adder skeleton (D:5)
  3 worms (D:3)
  3 dart slugs
  A leopard gecko (D:1)
  15 orcs
  4 giant cockroaches
  12 goblins
  6 hobgoblins
  8 jackals
  7 kobolds
  2 quokkas (D:5)
  8 bats
  11 frilled lizards
  7 rats
115 creatures vanquished.

Notes
Turn   | Place    | Note
-------+----------+-------------------------------------------
     0 | D:1      | senseless the Hill Orc Fighter began the quest for the Orb.
     0 | D:1      | Reached XP level 1. HP: 19/19 MP: 1/1
    46 | D:1      | Reached XP level 2. HP: 22/27 MP: 2/2
   311 | D:1      | Reached XP level 3. HP: 13/33 MP: 3/3
  1216 | D:2      | Found a faded altar of an unknown god.
  1221 | D:2      | Became a worshipper of Sif Muna the Loreminder
  1221 | D:2      | Reached * piety under Sif Muna
  1222 | D:2      | Fell from the grace of Sif Muna
  1264 | D:2      | Reached XP level 4. HP: 30/40 MP: 4/4
  1562 | D:3      | Noticed a centaur
  1569 | D:3      | Killed a centaur
  1569 | D:3      | Reached XP level 5. HP: 44/46 MP: 5/5
  2063 | D:4      | Found an iron altar of Okawaru.
  2072 | D:4      | Became a worshipper of Warmaster Okawaru
  2112 | D:4      | Reached XP level 6. HP: 39/52 MP: 6/6
  2169 | D:4      | Noticed Ijyb
  2191 | D:4      | Killed Ijyb
  2191 | D:4      | Reached skill level 1 in Dodging
  2618 | D:5      | Entered Level 5 of the Dungeon
  2667 | D:5      | Noticed a sky beast
  2976 | D:5      | Killed a sky beast
  2976 | D:5      | Reached skill level 5 in Armour
  2976 | D:5      | Reached skill level 5 in Shields
  2976 | D:5      | Reached XP level 7. HP: 50/60 MP: 7/7
  2981 | D:5      | Reached * piety under Okawaru
  2981 | D:5      | Reached skill level 5 in Fighting
  3217 | D:5      | Found a transporter.
  3321 | D:5      | Reached skill level 5 in Maces & Flails
  3354 | D:5      | Found a transporter.
  3931 | D:5      | Noticed Sassenached's ghost (amateur DrFE)
  3969 | D:5      | Lost dexterity.
  3983 | D:5      | Reached XP level 8. HP: 33/69 MP: 8/8
  4008 | D:5      | Lost dexterity.
  4297 | D:5      | HP: 2/69 [something (4)]
  4297 | D:5      | Slain by a sky beast

Skill      XL: |  1  2  3  4  5  6  7 |
---------------+----------------------+-----
Shields        | 4 5 |  5.6
Armour         | 4 5 |  5.8
Fighting       | 4 5 |  5.4
Maces & Flails | 3 4 5 |  5.3
Dodging        | 1 2 |  2.0
Stealth        | |  0.2

Action                   |  1- 3 |  4- 6 |  7- 9 || total
-------------------------+-------+-------+-------++-------
Melee: Flail             |   136 |   145 |       ||   281
       Mace              |       |   111 |   145 ||   256
Invok: Renounce Religion |     1 |       |       ||     1
  Use: Scroll            |     5 |     5 |       ||    10
       Potion            |       |       |     6 ||     6
  Eat: Chunk             |     1 |     6 |     3 ||    10
       Ration            |       |       |     1 ||     1
Armor: Scale mail        |    70 |   106 |   214 ||   390
Dodge: Dodged            |    47 |    88 |   101 ||   236
Block: Shield            |    70 |   154 |    94 ||   318
